 Dungeon Crawl Stone Soup version 0.18-a0-1484-g95ebbe1 (webtiles) character file.

1446 CopycatKevin the Ruffian (level 8, -12/78 HPs)
             Began as a Troll Monk on Mar 2, 2016.
             Was a Believer of Trog.
             Mangled by CopycatKevin's ghost (20 damage)
             ... on level 6 of the Dungeon on Mar 3, 2016.
             The game lasted 00:23:23 (4592 turns).

CopycatKevin the Ruffian (Troll Monk)               Turns: 4592, Time: 00:23:23

Health: -12/78     AC: 10    Str: 22    XL:     8   Next: 46%
Magic:  16/16      EV: 12    Int:  6    God:    Trog [**....]
Gold:   194        SH:  0    Dex: 12    Spells: 0 memorised, 7 levels left

rFire  . . .     SeeInvis .     D - +0 giant spiked club
rCold  . . .     Gourm    +     a - +0 robe
rNeg   . . .     Faith    .     (shield currently unavailable)
rPois  .         Spirit   .     (helmet restricted)
rElec  .         Dismiss  .     w - +0 cloak
rCorr  .         Reflect  .     (gloves unavailable)
SustAt .         Harm     .     (boots unavailable)
MR     .....                    v - amulet of rage
Stlth  +.........               u - +4 ring of protection
                                q - ring of magical power

@: exhausted, not resistant to hostile enchantments, very unstealthy
A: unfitting armour, claws 3, fast metabolism 3, gourmand, regeneration 2,
shaggy fur 1, tough skin 2
a: Berserk, Trog's Hand, Burn Spellbooks, Renounce Religion, Evoke Berserk Rage


You were on level 6 of the Dungeon.
You worshipped Trog.
Trog was pleased with you.
You were not hungry.

You visited 1 branch of the dungeon, and saw 6 of its levels.
You also visited: Sewer.

You collected 194 gold pieces.

Inventory:

Hand Weapons
 D - a +0 giant spiked club (weapon)
Missiles
 c - 7 tomahawks (quivered)
Armour
 a - a +0 robe (worn)
 w - a +0 cloak (worn)
Jewellery
 q - a ring of magical power (left claw)
 u - a +4 ring of protection (right claw)
 v - an amulet of rage (around neck)
Wands
 C - a wand of digging (12/24)
 F - a wand of lightning (8/15)
Scrolls
 d - 4 scrolls of identify
 h - a scroll of blinking
 k - 2 scrolls of fear {unknown}
 m - 2 scrolls of recharging {unknown}
 o - 3 scrolls of teleportation {unknown}
 p - a scroll of remove curse {unknown}
 r - a scroll of amnesia {unknown}
 t - a scroll of random uselessness {unknown}
 x - a scroll of fog {unknown}
 y - 2 scrolls of magic mapping {unknown}
 A - 2 scrolls of enchant weapon {unknown}
Potions
 e - 2 potions of curing
 f - 3 potions of degeneration {unknown}
 g - a potion of lignification {unknown}
 j - a potion of haste {unknown}
 l - a potion of brilliance {unknown}
 n - 2 potions of agility
 z - a potion of might {unknown}
 B - a potion of flight {unknown}
Comestibles
 b - 3 bread rations
 i - 3 slices of pizza
 s - 4 fruits
 E - a meat ration


   Skills:
 + Level 4.2 Fighting
 * Level 0.6 Maces & Flails
 + Level 1.5 Throwing
 + Level 6.3 Dodging
 + Level 1.4 Stealth
 - Level 7.1 Unarmed Combat
 + Level 0.1 Evocations


You had 7 spell levels left.
You didn't know any spells.

Dungeon Overview and Level Annotations

Branches:
Dungeon (6/15)
 Temple: D:4-7

Altars:
Elyvilon
Fedhas
Gozag
Nemelex Xobeh
Okawaru
Sif Muna
Trog
Yredelemnul
The Shining One

Portals:
Ossuary: D:5

Annotations:
D:4 exclusion: oklob plant
D:6 CopycatKevin's ghost, novice TrFi


Innate Abilities, Weirdness & Mutations

You are too large for most types of armour.
You have claws for hands.
Your metabolism is lightning-fast.
You like to eat raw meat.
You heal very quickly.
You are covered in fur (AC +1).
You have very tough skin (AC +2).


Message History

The sky beast is severely wounded.
The sky beast flickers out of sight!
Deactivating autopickup; reactivate with Ctrl-A.
Something hits you but does no damage. x3
You feel yourself speed up.
A sky beast appears from thin air!
Reactivating autopickup.
You barely miss the sky beast.
The sky beast is severely wounded.
The sky beast barely misses you.
The sky beast hits you but does no damage.
You bludgeon the sky beast!!
You kill the sky beast!
Trog accepts your kill. CopycatKevin's ghost hits you!!
* * * LOW HITPOINT WARNING * * *
You closely miss CopycatKevin's ghost. CopycatKevin's ghost hits you.
* * * LOW HITPOINT WARNING * * *
CopycatKevin's ghost hits you!!
You die...

#.. #.#.# #..
#.####.#.#
#..###.(.....#
####...#.####.#######
.....#.........<....###
#...###.............
#)...≈..#####...###
#.####W#####.#...# #.#
#..@........#.. #.#
#..##..###......
##.###..##.#..##.#...
#...##...............
#≈#.##.......≈......
#.......$..........).
##.###...≈≈≈≈...... .
#.# #.≈≈≈≈.≈≈≈≈≈.. #.#
#.≈≈.≈≈≈≈≈≈≈≈≈


You could see CopycatKevin's ghost.

Vanquished Creatures
  The ghost of CopycatKevin the Ruffian, an amateur TrMo (D:3)
  Sigmund (D:2)
  A sky beast (D:6)
  2 ogres (D:5)
  6 big kobolds (Sewer)
  Crazy Yiuf (D:3)
  Ijyb (D:3)
  2 worker ants (D:5)
  A hound zombie (D:5)
  Robin (D:2)
  4 gnolls (D:3)
  2 river rats (Sewer)
  8 adders
  A shadow imp (D:5)
  3 oozes (Sewer)
  4 worms (Sewer)
  A dart slug (D:4)
  A giant gecko (D:4)
  An orc (D:4)
  7 bats
  5 giant cockroaches
  10 goblins
  15 hobgoblins
  11 jackals
  2 quokkas
  4 ball pythons (Sewer)
  4 giant newts
  4 kobolds
  16 rats
120 creatures vanquished.

Notes
Turn   | Place    | Note
--------------------------------------------------------------
     0 | D:1      | CopycatKevin the Troll Monk began the quest for the Orb.
     0 | D:1      | Reached XP level 1. HP: 22/22 MP: 0/0
   233 | D:1      | Reached XP level 2. HP: 29/29 MP: 1/1
   825 | D:1      | Reached XP level 3. HP: 34/36 MP: 2/2
   968 | D:2      | Noticed Robin
   983 | D:2      | Killed Robin
  1104 | D:2      | Reached XP level 4. HP: 44/44 MP: 2/3
  1333 | D:2      | Noticed Sigmund
  1342 | D:2      | Killed Sigmund
  1342 | D:2      | Reached skill level 5 in Unarmed Combat
  1342 | D:2      | Reached XP level 5. HP: 18/53 MP: 4/4
  1448 | D:3      | Reached XP level 6. HP: 48/61 MP: 5/5
  1570 | D:3      | Noticed CopycatKevin's ghost (amateur TrMo)
  1585 | D:3      | Killed CopycatKevin's ghost
  1585 | D:3      | Reached XP level 7. HP: 57/67 MP: 6/6
  1649 | D:3      | Reached skill level 5 in Dodging
  1663 | D:3      | Noticed Crazy Yiuf
  1673 | D:3      | Killed Crazy Yiuf
  1727 | D:3      | Found a glowing golden altar of the Shining One.
  1727 | D:3      | Noticed Ijyb
  1730 | D:3      | Killed Ijyb
  1732 | D:3      | Noticed an angel
  1747 | D:3      | Found a basalt altar of Yredelemnul.
  1749 | D:3      | Noticed a profane servitor
  1969 | D:3      | Found a deep blue altar of Sif Muna.
  2229 | D:4      | Found a glowing drain.
  2235 | Sewer    | Entered a sewer
  2292 | Sewer    | Reached skill level 6 in Unarmed Combat
  2421 | Sewer    | Reached skill level 1 in Throwing
  2710 | Sewer    | Reached XP level 8. HP: 78/78 MP: 7/7
  2848 | D:4      | Found a white marble altar of Elyvilon.
  3013 | D:4      | Found an iron altar of Okawaru.
  3121 | D:4      | Found a blossoming altar of Fedhas.
  3131 | D:4      | Noticed an oklob plant
  3572 | D:5      | Entered Level 5 of the Dungeon
  3698 | D:5      | Found a sand-covered staircase.
  3754 | D:5      | Reached skill level 7 in Unarmed Combat
  3850 | D:5      | Found a sparkling altar of Nemelex Xobeh.
  4312 | D:5      | Found a bloodstained altar of Trog.
  4312 | D:5      | Found an opulent altar of Gozag.
  4343 | D:5      | Became a worshipper of Trog the Wrathful
  4343 | D:5      | Reached * piety under Trog
  4343 | D:5      | Reached ** piety under Trog
  4575 | D:6      | Noticed CopycatKevin's ghost (novice TrFi)
  4592 | D:6      | Mangled by CopycatKevin's ghost

Vault maps used:
D:1:      roderic_octagonal_star, minmay_misc_feat_square
D:2:      uniq_robin, uniq_sigmund
D:3:      grunt_temple_overflow_holy_war, tgw_sif, uniq_crazy_yiuf_cottage,
          uniq_iyjb
D:4:      tgw_fedhas, okawaru_trees_2, gup_sewer_entry_bowl,
          small_statue_intersection, elyvilon_altar_4
D:5:      gammafunk_temple_overflow_pools, first_bread,
          nicolae_ossuary_entry_ruins, nemelex_spade_bored_becter
D:6:      grunt_temple_overflow_champion_of_chaos, lemuel_old_faithful
Sewer:    sewer_co_tree

Skill      XL: |  1  2  3  4  5  6  7  8 |
---------------+-------------------------+-----
Fighting       | 3 4 |  4.2
Dodging        | 3 4 5 6 |  6.3
Unarmed Combat | 5 6 7 |  7.1
Throwing       | 1 |  1.5
Maces & Flails | |  0.6
Stealth        | |  1.4
Evocations     | |  0.1

Action                   |  1- 3 |  4- 6 |  7- 9 || total
-------------------------+-------+-------+-------++-------
Melee: Unarmed           |    98 |    56 |   179 ||   333
       Giant spiked club |       |       |    43 ||    43
Throw: Tomahawk          |       |       |     8 ||     8
Invok: Berserk           |       |       |     1 ||     1
 Abil: Evoke Berserk Rag |     1 |     1 |       ||     2
  Use: Scroll            |       |     2 |       ||     2
       Potion            |       |       |     3 ||     3
 Stab: Sleeping          |     3 |       |     1 ||     4
  Eat: Chunk             |    16 |     5 |    24 ||    45
